 Dungeon Crawl Stone Soup version 0.29.0-10-g45618ea6d2 (webtiles) character file.

Game seed: 12464205431090769276

84 SensoryNuts the Trooper (level 4, 0/36 HPs)
             Began as a Demonspawn Fighter on Sept 1, 2022.
             Slain by a gnoll
             ... wielding a +0 flail
              (6 damage)
             ... on level 3 of the Dungeon.
             The game lasted 00:02:03 (2620 turns).

SensoryNuts the Trooper (Demonspawn Fighter)        Turns: 2620, Time: 00:02:04

Health: 0/36       AC: 10    Str: 16    XL:     4   Next: 24%
Magic:  4/4        EV:  9    Int: 10    God:
Gold:   78         SH:  5    Dex: 14    Spells: 3/3 levels left

rFire   . . .      SeeInvis .   a - +0 long sword
rCold   . . .      Faith    .   c - +0 buckler
rNeg    . . .      Spirit   .   b - +0 scale mail
rPois   .          Reflect  .   (no helmet)
rElec   .          Harm     .   (no cloak)
rCorr   .          Rampage  .   i - +0 pair of gloves
Will    .....                   o - +1 pair of boots
Stlth   ..........              (no amulet)
HPRegen 0.12/turn               (no ring)
MPRegen 0.09/turn               (no ring)

@: no status effects
A: demonic magic 1
a: no special abilities


You were on level 3 of the Dungeon.
You visited 1 branch of the dungeon, and saw 3 of its levels.

You collected 78 gold pieces.

Inventory:

Hand Weapons
 a - a +0 long sword (weapon)
Armour
 b - a +0 scale mail (worn)
 c - a +0 buckler (worn)
 i - a +0 pair of gloves (worn)
 o - a +1 pair of boots (worn)
Jewellery
 n - a ring of wizardry
Scrolls
 h - 2 scrolls of fear
 p - a scroll of teleportation
Potions
 d - a potion of might
 e - a potion of lignification {unknown}
 g - 2 potions of magic {unknown}
 j - a potion of mutation {unknown}
 q - a potion of curing {unknown}
 r - a potion of cancellation {unknown}


   Skills:
 + Level 3.6 Fighting
 * Level 3.0 Long Blades
 + Level 3.1 Armour
 + Level 0.3 Dodging
 + Level 2.9 Shields


You had 3 spell levels left.
You didn't know any spells.
Your spell library was empty.

Dungeon Overview and Level Annotations

Branches:
Dungeon (3/15)

Altars:
Xom


Innate Abilities, Weirdness & Mutations

Spells you cast may paralyse adjacent enemies.


Message History

Found a stone staircase leading up.
A gnoll comes into view. It is wielding a +0 spear.
The gnoll shouts!
A gnoll is nearby!
A gnoll is nearby!
A gnoll comes into view. It is wielding a +0 spear.
Found a scroll of fear.
The gnoll shouts!
A gnoll comes into view. It is wielding a +0 flail.
The gnoll shouts!
The gnoll hits you with a +0 spear.
You slash the gnoll!
The gnoll is severely wounded.
The gnoll hits you from afar with a +0 spear.
The gnoll hits you but does no damage. The gnoll barely misses you.
The gnoll misses you.
You slash the gnoll!
You kill the gnoll!
You block the gnoll's attack.
You hit the gnoll but do no damage. The gnoll hits you with a +0 flail.
The gnoll barely misses you.
You hit the gnoll.
The gnoll is lightly wounded.
The gnoll hits you from afar with a +0 spear.
The gnoll hits you with a +0 flail.
The gnoll hits you from afar with a +0 spear.
You block the gnoll's attack.
You barely miss the gnoll.
The gnoll is lightly wounded.
You block the gnoll's attack. x2
You slash the gnoll!
The gnoll is almost dead.
The gnoll closely misses you. The gnoll barely misses you.
You hit the gnoll.
The gnoll is almost dead.
The gnoll closely misses you. The gnoll hits you with a +0 flail!
The gnoll hits you from afar with a +0 spear.
* * * LOW HITPOINT WARNING * * *
The gnoll hits you with a +0 flail.
You die...

.### #.#
........###<####.#
.
................#
..
#..##.###.).#####
... #.. #.###.#.#
....#.<##.....#.#
..?.....#####.#.#
.....gg....##.#.#
#...@#.......#
##.........###
#......##.#
#......##.#
#.....####.#
#......# #.#
#©....#.# #.#
###...#.# #.#
##..#.#


You could see 2 gnolls.

Vanquished Creatures
  A gnoll (D:3)
  3 adders (D:2)
  2 worms (D:2)
  2 dart slugs
  2 endoplasms (D:3)
  A giant cockroach (D:2)
  4 goblins
  2 hobgoblins
  3 jackals (D:2)
  4 kobolds
  2 quokkas
  3 ball pythons
  3 bats
  3 frilled lizards
  3 rats (D:2)
38 creatures vanquished.

Notes
Turn   | Place    | Note
-------+----------+-------------------------------------------
     0 | D:1      | SensoryNuts the Demonspawn Fighter began the quest for the
                  | Orb.
     0 | D:1      | Reached XP level 1. HP: 18/18 MP: 1/1
    23 | D:1      | You fall into a shaft and drop 1 floor!
   392 | D:2      | Gained mutation: Spells you cast may paralyse adjacent
                  | enemies. [demonic ancestry]
   392 | D:2      | Reached XP level 2. HP: 8/24 MP: 2/2
  1088 | D:1      | Found a faded altar of an unknown god.
  1515 | D:2      | Reached XP level 3. HP: 16/29 MP: 3/3
  1711 | D:2      | Found a shimmering altar of Xom.
  2412 | D:2      | Reached XP level 4. HP: 35/35 MP: 4/4
  2620 | D:3      | Slain by a gnoll

Illustrated notes

Levels and vault maps discovered:
D:1:      dpeg_arrival_rhombus, layout_basic, dilly_ecumenical_altar_fadedgnrine
D:2:      layout_basic, basic_altar
D:3:      layout_loops_ring, nicolae_hepliaklqana_monster_ancestors,
          gammafunk_ghost_abyssal_escape

Skill      XL: |  1  2  3 |
---------------+----------+-----
Long Blades    | 2 3 |  3.0
Armour         | 3 |  3.1
Fighting       | |  3.6
Dodging        | |  0.3
Shields        | |  2.9

Action                   |  1- 3 |  4- 6 || total
-------------------------+-------+-------++-------
Melee: Long sword        |   120 |    18 ||   138
  Use: Scroll            |       |     5 ||     5
Armor: Scale mail        |    71 |    12 ||    83
Dodge: Dodged            |    51 |     9 ||    60
Block: Buckler           |    28 |     9 ||    37
